 Dungeon Crawl Stone Soup version 0.19-a0-1260-gc94d3f7 (webtiles) character file.

104 hairmachine the Cudgeler (level 4, -2/39 HPs)
             Began as a Minotaur Fighter on Aug 28, 2016.
             Slain by Sigmund
             ... wielding a +0 scythe
              (9 damage)
             ... on level 2 of the Dungeon.
             The game lasted 00:03:16 (1309 turns).

hairmachine the Cudgeler (Minotaur Fighter)         Turns: 1309, Time: 00:03:17

Health: -2/39      AC:  6    Str: 25    XL:     4   Next: 52%
Magic:  3/3        EV: 12    Int:  5    God:
Gold:   58         SH: 10    Dex: 16    Spells: 0 memorised, 3 levels left

rFire  . . .     SeeInvis .     a - +0 flail
rCold  . . .     Gourm    .     b - +0 scale mail
rNeg   . . .     Faith    .     c - +0 shield
rPois  .         Spirit   .     (helmet restricted)
rElec  .         Dismiss  .     (no cloak)
rCorr  .         Reflect  .     (no gloves)
MR     .....     Harm     .     (no boots)
Stlth  +.........               (no amulet)
                                (no ring)
                                (no ring)

@: mighty, agile, lethally poisoned (-2 -> -5)
A: retaliatory headbutt, horns 2
a: no special abilities


You were on level 2 of the Dungeon.
You were not hungry.

You visited 1 branch of the dungeon, and saw 2 of its levels.

You collected 58 gold pieces.

Inventory:

Hand Weapons
 a - a +0 flail (weapon)
Armour
 b - a +0 scale mail (worn)
 c - a +0 shield (worn)
Scrolls
 e - a scroll of fear {unknown}
 h - a scroll of identify {unknown}
 k - a scroll of recharging {unknown}
 m - a scroll of teleportation {unknown}
 p - a scroll of magic mapping {unknown}
Potions
 d - a potion of might
 j - a potion of beneficial mutation {unknown}
 l - a potion of flight {unknown}
Comestibles
 f - 2 bread rations
 i - 9 chunks of flesh
 n - 2 fruits
 o - a meat ration


   Skills:
 - Level 3.6 Fighting
 + Level 5.8 Maces & Flails
 - Level 3.6 Armour
 - Level 3.6 Shields


You had 3 spell levels left.
You didn't know any spells.

Dungeon Overview and Level Annotations

Branches:
Dungeon (2/15)

Altars:

Annotations:
D:2 Sigmund


Innate Abilities, Weirdness & Mutations

You reflexively headbutt those who attack you in melee.
You have a pair of horns on your head.


Message History

You closely miss the adder. You block the adder's attack.
You sock the adder!
The adder is almost dead.
The adder bites you.
You are poisoned.
The adder poisons you! Something hits you!
* * * LOW HITPOINT WARNING * * *
You block the adder's attack.
It was a potion of agility.
You feel agile all of a sudden.
You feel sick. The adder barely misses you. You furiously retaliate!
You headbutt the adder.
You kill the adder!
You hear some strange, mumbled words.
A puff of flame appears from out of thin air!
You block the puff of flame.
You feel very mighty all of a sudden. Something hits you but does no damage.
Something hits you!
You die...

### #.# #........##.##.
..###########.# #........##.<#.
..............#####........#####.
.................................
#.............####..........##...
#########.......##........#.##...
#.......##......#.#.##...
#.......###.###.#.#.##...
#......{@...# #.#.#......
#######'###..###.#<###)##.
#......รท.##..#.........##.
#........##..############.
#......S.# ... ##.
..............## #..
..........##### #.. ...###.....
#.. ... #...... ###


There were no monsters in sight!

Vanquished Creatures
  Jessica (D:2)
  Ijyb (D:2)
  A gnoll (D:1)
  An adder (D:2)
  A worm (D:2)
  A dart slug (D:1)
  A giant gecko (D:1)
  2 giant cockroaches (D:2)
  5 goblins
  4 hobgoblins
  2 jackals (D:2)
  A quokka (D:2)
  2 bats (D:2)
  3 giant newts
  A kobold (D:2)
  2 rats (D:2)
29 creatures vanquished.

Notes
Turn   | Place    | Note
-------+----------+-------------------------------------------
     0 | D:1      | hairmachine the Minotaur Fighter began the quest for the Orb.
     0 | D:1      | Reached XP level 1. HP: 19/19 MP: 0/0
   175 | D:1      | Reached skill level 3 in Maces & Flails
   413 | D:1      | Reached XP level 2. HP: 23/26 MP: 1/1
   665 | D:2      | Reached skill level 4 in Maces & Flails
   783 | D:2      | Noticed Ijyb
   789 | D:2      | Killed Ijyb
   789 | D:2      | Reached XP level 3. HP: 31/31 MP: 2/2
  1014 | D:2      | Reached skill level 5 in Maces & Flails
  1224 | D:2      | Noticed Jessica
  1235 | D:2      | Killed Jessica
  1235 | D:2      | Reached XP level 4. HP: 39/39 MP: 3/3
  1289 | D:2      | Noticed Sigmund
  1309 | D:2      | Slain by Sigmund

Vault maps used:
D:1:      minmay_arrival_wavy_path
D:2:      kennysheep_the_goblin_king, nicolae_tso_swordbearing_angel,
          kennysheep_nondescript, minmay_heptomino_d4, uniq_sigmund,
          uniq_jessica, uniq_iyjb

Skill      XL: |  1  2  3 |
---------------+----------+-----
Maces & Flails | 3 4 5 |  5.8
Fighting       | |  3.6
Armour         | |  3.6
Shields        | |  3.6

Action                   |  1- 3 |  4- 6 || total
-------------------------+-------+-------++-------
Melee: Flail             |    46 |    14 ||    60
       Headbutt          |     9 |     2 ||    11
  Use: Potion            |       |     2 ||     2
  Eat: Chunk             |     1 |       ||     1
Armor: Scale mail        |     7 |     5 ||    12
Dodge: Dodged            |     8 |     9 ||    17
Block: Shield            |    17 |     9 ||    26
